 Dungeon Crawl Stone Soup version 0.19-a0-1886-gd64a0f0 (console) character file.

204 brucemayne the Cleaver (level 5, 0/45 HPs)
             Began as a Hill Orc Monk on Oct 15, 2016.
             Succumbed to a worker ant's poison
             ... on level 6 of the Dungeon.
             The game lasted 00:05:34 (1439 turns).

brucemayne the Cleaver (Hill Orc Monk)              Turns: 1439, Time: 00:05:35

Health: 0/45       AC:  9    Str: 12 (15) XL:     5   Next: 82%
Magic:  5/5        EV:  5    Int:  9 (10) God:
Gold:   80         SH:  0    Dex: 11 (13) Spells: 0 memorised, 4 levels left

rFire  . . .     SeeInvis .     a - +0 hand axe
rCold  . . .     Gourm    .     n - +0 chain mail
rNeg   . . .     Faith    .     (no shield)
rPois  .         Spirit   .     (no helmet)
rElec  .         Dismiss  .     (no cloak)
rCorr  .         Reflect  .     (no gloves)
MR     .....     Harm     .     e - +0 pair of boots
Stlth  ..........               (no amulet)
                                (no ring)
                                (no ring)

@: lethally poisoned (0 -> -4), very slightly contaminated, hasted, very quick
A: no striking features
a: no special abilities


You were on level 6 of the Dungeon.
You were not hungry.

You visited 1 branch of the dungeon, and saw 6 of its levels.

You collected 80 gold pieces.

Inventory:

Hand Weapons
 a - a +0 hand axe (weapon)
 j - a +0 hand axe
 l - a +1 whip of venom
Armour
 b - a +0 robe
 e - a +0 pair of boots (worn)
 n - a +0 chain mail (worn)
 q - a +0 scale mail
 s - a +0 leather armour
Magical Staves
 w - an uncursed staff of poison {unknown}
Scrolls
 f - a scroll of recharging
 m - a scroll of identify
 p - a scroll of random uselessness
 t - a scroll of amnesia
Potions
 o - a potion of agility
Books
 v - a book of the Sky

   Spells                             Type                      Level
   a - Summon Lightning Spire         Summoning/Air                4
   b - Airstrike                      Air                          4
   c - Silence                        Hexes/Air                    5
   d - Deflect Missiles               Charms/Air                   6
   e - Conjure Ball Lightning         Conjuration/Air              6
   f - Tornado                        Air                          9
Comestibles
 c - a bread ration
 i - 2 fruits
 k - a meat ration


   Skills:
 - Level 3.6 Fighting
 + Level 8.3 Axes
 - Level 2.4 Dodging
 - Level 1.5 Stealth


You had 4 spell levels left.
You didn't know any spells.

Dungeon Overview and Level Annotations

Branches:
Dungeon (6/15)
 Temple: D:4-7

Altars:
Elyvilon
Fedhas
Nemelex Xobeh
Okawaru
Ru
Vehumet
Xom

Annotations:
D:4 Enish's ghost, novice TeAK
D:6 exclusion: upstairs


Message History

As you read the scroll of teleportation, it crumbles to dust.
You feel strangely unstable.
As you read the scroll labeled HOGOPLI CIDO, it crumbles to dust.
It is a scroll of recharging.
You aren't carrying any rechargeable items.
* * * LOW HITPOINT WARNING * * *
You feel sick.
As you read the scroll labeled OMNEEDD PUACOFF, it crumbles to dust.
It is a scroll of identify.
p - a scroll of random uselessness
* * * LOW HITPOINT WARNING * * *
You feel sick.
Your surroundings suddenly seem different.
A crimson imp comes into view.
The crimson imp shouts!
Found a scroll of identify.
Found a stone staircase leading down.
There is a stone staircase leading down here.
You slash the crimson imp!
The crimson imp is heavily wounded.
You die...

##########
#........#
#........#
#........#
#<# ######
#.##
#....#
#..#
#....#
##.#
#.5..# #.#
#.@..#
#.##
#....# ###
#..#
#?.......#
##.#
#....###.#
#.########
#.# . #..#
#.# ...
##.#
#.###...#
#.#
###....(#
#.##
#...#####


You could see a crimson imp.

Vanquished Creatures
  A bullfrog (D:6)
  A hound (D:4)
  2 worker ants (D:6)
  An adder (D:2)
  An ooze (D:2)
  A dart slug (D:2)
  A leopard gecko (D:2)
  2 orcs (D:3)
  A ball python (D:1)
  4 bats
  3 giant cockroaches
  3 goblins
  4 hobgoblins
  10 jackals
  A quokka (D:2)
  A frilled lizard (D:3)
  3 kobolds (D:1)
  5 rats
45 creatures vanquished.

Notes
Turn   | Place    | Note
-------+----------+-------------------------------------------
     0 | D:1      | brucemayne the Hill Orc Monk began the quest for the Orb.
     0 | D:1      | Reached XP level 1. HP: 19/19 MP: 1/1
    89 | D:1      | Reached XP level 2. HP: 18/26 MP: 2/2
   200 | D:1      | Reached skill level 5 in Axes
   410 | D:5      | Entered Level 5 of the Dungeon
   417 | D:5      | Noticed an ogre
   456 | D:4      | Found an iron altar of Okawaru.
   477 | D:3      | Reached XP level 3. HP: 27/31 MP: 3/3
   570 | D:3      | Found a shimmering altar of Xom.
   639 | D:2      | You fall through a shaft!
   679 | D:3      | Found a sacrificial altar of Ru.
   679 | D:3      | Found a blossoming altar of Fedhas.
   722 | D:3      | Found a sparkling altar of Nemelex Xobeh.
   810 | D:2      | Reached skill level 6 in Axes
   925 | D:2      | Reached XP level 4. HP: 23/39 MP: 4/4
   961 | D:2      | Found a white marble altar of Elyvilon.
  1059 | D:3      | Found a radiant altar of Vehumet.
  1240 | D:4      | Noticed Enish's ghost (novice TeAK)
  1335 | D:6      | Noticed a bullfrog
  1345 | D:6      | Killed a bullfrog
  1345 | D:6      | Reached skill level 7 in Axes
  1345 | D:6      | Reached XP level 5. HP: 36/45 MP: 5/5
  1383 | D:6      | Reached skill level 8 in Axes
  1431 | D:6      | HP: 2/45 [poisoned by a worker ant]
  1436 | D:6      | HP: 1/45 [poisoned by a worker ant]
  1439 | D:6      | Succumbed to a worker ant's poison

Vault maps used:
D:1:      dpeg_arrival_subterranean_lakeside_camping
D:2:      kennysheep_ying_yang, first_bread, fedhas_altar_fruit_tree
D:3:      minmay_diamond_boxcup, nemelex_xobeh_ov_fountains_minmay,
          vehumet_crystals, chequers_temple_overflow_statue_of_worship,
          xom_teletrap_fun
D:4:      old_standard_altar, serial_shops, nicolae_shop_statue_plus,
          uniq_blork_the_orc
D:5:      uniq_duvessa
D:6:      kennysheep_mini, serial_shops, shop, uniq_sigmund

Skill      XL: |  1  2  3  4  5 |
---------------+----------------+-----
Axes           | 5 6 7 8 |  8.3
Fighting       | |  3.6
Dodging        | |  2.4
Stealth        | |  1.5

Action                   |  1- 3 |  4- 6 || total
-------------------------+-------+-------++-------
Melee: Hand axe          |   167 |    71 ||   238
  Use: Scroll            |     6 |     3 ||     9
       Potion            |       |     3 ||     3
 Stab: Sleeping          |     5 |       ||     5
  Eat: Chunk             |       |     2 ||     2
Armor: Robe              |    36 |       ||    36
       Chain mail        |    15 |    38 ||    53
Dodge: Dodged            |   146 |    20 ||   166
